Map: Galactic Process LE

Players

xKawaiian - Winner!

  • Race: Terran Terran
  • League: Master

Voltz

  • Race: Zerg Zerg
  • League: Grandmaster

Event: Cheesadelphia Summer 2016

VOD

Have the link to the VOD?

Description

Time

  • Played on: July 23, 2016, 5:49 p.m.
  • Length: 8:26

All games in this series

Show
View Real Time Build Order
Export as new Build Order

xKawaiian Terran - Winner!

Build Orders:  

Get SALT Encoding   

  12  0:00  SCV  
  13  0:12  SCV  
  14  0:17  Supply Depot  
  14  0:24  SCV  
  15  0:38  SCV  
  15  0:40  Barracks  
  16  0:44  Refinery  
  16  0:51  SCV  
  17  1:03  SCV  
  18  1:15  SCV  
  19  1:28  Orbital Command  
  20  1:34  Barracks Reactor  
  19  1:44  Command Center  
  19  1:55  Supply Depot  
  19  1:56  SCV  
  20  2:08  Factory  
  20  2:10  SCV  
  20  2:12  Marine  
  20  2:15  Marine  
  23  2:23  SCV  
  23  2:24  Refinery  
  24  2:33  Bunker  
  24  2:34  Marine  
  24  2:35  SCV  
  26  2:47  SCV  
  27  2:52  Factory Tech Lab, Marine  
  27  2:53  Marine  
  29  2:59  SCV  
  29  3:02  Starport  
  30  3:10  Marine  
  30  3:12  SCV  
  32  3:20  Orbital Command  
  32  3:23  Siege Tank  
  32  3:24  SCV  
  36  3:29  Supply Depot  
  36  3:36  SCV  
  36  3:38  Marine x2  
  39  3:47  SCV  
  39  3:48  SCV  
  38  3:56  Marine  
  38  3:57  Marine, Siege Tank  
  41  4:12  Bunker, Supply Depot  
  41  4:14  Marine x2  
  41  4:15  SCV  
  44  4:19  SCV  
  45  4:32  Medivac, Marine x2  
  45  4:33  Barracks  
  45  4:38  SCV  
  47  4:50  Marine x2  
  47  4:58  SCV  
  47  4:59  SCV  
  49  5:08  Marine x2  
  51  5:19  Supply Depot  
  51  5:21  Barracks  
  51  5:23  Supply Depot  
  51  5:32  Supply Depot  
  51  5:33  Barracks Tech Lab  
  51  5:34  Supply Depot  
  51  5:37  Starport Reactor  
  51  5:40  Marine x2, SCV  
  54  5:44  Medivac, Siege Tank  
  54  5:45  SCV  
  60  5:50  Supply Depot x2  
  60  5:52  SCV  
  60  5:53  Marine  
  60  5:57  SCV  
  63  5:59  Barracks  
  63  6:02  Barracks  
  64  6:05  SCV  
  64  6:07  Refinery  
  64  6:08  Refinery  
  64  6:09  Stimpack, Barracks Reactor, SCV  
  66  6:17  Siege Tank, SCV  
  69  6:21  SCV  
  70  6:25  Barracks Reactor  
  70  6:29  Engineering Bay, SCV  
  71  6:33  SCV  
  71  6:35  Marine  
  71  6:36  Medivac  
  75  6:41  SCV  
  75  6:44  Supply Depot  
  75  6:45  Supply Depot  
  76  6:47  Marine x3  
  76  6:49  Marine  
  76  6:53  Marine  
  81  6:58  SCV  
  82  7:02  Marine x2  
  82  7:04  Medivac  
  82  7:05  Marine x2  
  82  7:06  Missile Turret  
  88  7:10  Marine x3  
  91  7:17  Missile Turret  
  91  7:20  Marine x2, Medivac  
  95  7:23  Marine x2  
  95  7:27  Marine  
  95  7:28  Marine x2  
  100  7:32  Siege Tank  
  100  7:34  Medivac  
  105  7:37  Marine  
  105  7:38  Marine  
  105  7:41  Marine x2  
  109  7:45  Marine x2  
  109  7:46  Marine  
  112  7:55  Marine x2  
  106  7:58  Marine x2  
  106  8:03  Marine x2  
  109  8:04  Marauder  
Show
View Real Time Build Order
Export as new Build Order

Voltz Zerg 

Build Orders: Hatch First, Zergling Baneling 

Get SALT Encoding   

  12  0:01  Drone  
  13  0:12  Overlord  
  13  0:16  Drone  
  14  0:30  Drone x2  
  14  0:34  Drone  
  17  0:51  Hatchery  
  17  0:54  Drone  
  17  0:58  Drone  
  18  1:09  Extractor  
  17  1:13  Spawning Pool  
  17  1:16  Drone  
  17  1:19  Drone  
  18  1:27  Drone  
  19  1:38  Overlord  
  19  1:49  Drone  
  20  1:59  Queen  
  20  2:00  Zergling x2  
  23  2:02  Queen  
  23  2:03  Zergling x2  
  23  2:08  Metabolic Boost  
  26  2:10  Drone  
  26  2:14  Drone  
  28  2:21  Drone  
  29  2:24  Drone  
  30  2:33  Drone  
  30  2:35  Drone  
  32  2:38  Queen  
  32  2:42  Overlord  
  34  2:49  Drone  
  35  2:55  Drone  
  35  2:57  Overlord  
  36  3:01  Baneling Nest  
  36  3:04  Zergling x2  
  36  3:07  Overlord x2  
  36  3:16  Zergling x8  
  36  3:18  Zergling x2  
  36  3:19  Zergling x2  
  40  3:26  Zergling x2  
  40  3:27  Evolution Chamber  
  40  3:30  Zergling x2  
  41  3:38  Zergling x2  
  41  3:39  Zergling x2  
  43  3:46  Zergling x12  
  47  3:56  Zergling x4  
  49  4:02  Zergling x2  
  49  4:06  Baneling  
  49  4:07  Baneling x8  
  49  4:13  Zergling x8  
  49  4:14  Zergling x2  
  52  4:18  Zergling x2  
  53  4:25  Drone  
  53  4:28  Drone  
  53  4:35  Drone  
  53  4:45  Zergling x2  
  53  4:46  Zergling x8  
  45  4:53  Zergling x2  
  42  5:00  Drone  
  42  5:01  Lair  
  42  5:03  Extractor  
  42  5:04  Drone, Extractor x2  
  41  5:08  Drone  
  41  5:11  Drone  
  43  5:16  Drone x3  
  43  5:18  Queen  
  47  5:21  Drone  
  47  5:25  Drone  
  47  5:28  Drone x2  
  48  5:30  Drone  
  48  5:33  Zerg Melee Weapons Level 1  
  49  5:38  Overlord  
  49  5:39  Drone  
  50  5:45  Drone  
  51  5:52  Hatchery  
  51  5:55  Drone  
  51  5:56  Drone  
  52  5:58  Drone  
  52  6:02  Drone  
  54  6:04  Drone  
  54  6:11  Spire  
  54  6:15  Zergling x4  
  54  6:16  Zergling x2  
  57  6:31  Infestation Pit  
  57  6:34  Roach Warren  
  57  6:35  Drone x4  
  57  6:37  Drone  
  60  6:43  Overlord  
  60  6:52  Overlord  
  59  6:58  Drone  
  59  6:59  Drone  
  59  7:01  Overlord  
  59  7:09  Drone x4, Queen  
  59  7:10  Drone  
  59  7:12  Drone  
  69  7:15  Roach  
  69  7:16  Roach x2  
  69  7:22  Roach x2  
  77  7:26  Roach  
  79  7:31  Roach  
  79  7:33  Overlord x2  
  81  7:37  Pneumatized Carapace  
  81  7:40  Roach  
  81  7:42  Overlord  
  81  7:43  Overlord  
  81  7:50  Roach  
  82  7:51  Roach x2  
  82  7:55  Roach  
  82  7:56  Roach  
  64  7:59  Roach  
Tags
 
Add a new tag
Caveats
  • Supply blocks, unpowered buildings, or Contaminate may cause inaccurate times.
  • Supply counts are checked every 10 seconds.